 Dungeon Crawl Stone Soup version 0.27.1-33-g824d729ab1 (webtiles) character file.

Game seed: 13124545433818653899

14 Altran the Shield-Bearer (level 2, -2/27 HPs)
             Began as a Minotaur Fighter on Dec 11, 2021.
             Was a Follower of Makhleb.
             Slain by Terence (7 damage)
             ... on level 2 of the Dungeon.
             The game lasted 00:01:27 (566 turns).

Altran the Shield-Bearer (Minotaur Fighter)          Turns: 566, Time: 00:01:28

Health: -2/27      AC:  7    Str: 20    XL:     2   Next: 31%
Magic:  1/1        EV:  7    Int:  5    God:    Makhleb [*.....]
Gold:   20         SH:  9    Dex:  9    Spells: 1/1 levels left

rFire    . . .     SeeInvis .   a - +0 flail
rCold    . . .     Faith    .   c - +0 kite shield
rNeg     . . .     Spirit   .   b - +0 scale mail
rPois    .         Reflect  .   (helmet restricted)
rElec    .         Harm     .   (no cloak)
rCorr    +         Rampage  .   (no gloves)
Will     .....                  (no boots)
Stlth    ..........             (no amulet)
HPRegen  0.09/turn              n - ring of resist corrosion
MPRegen  0.07/turn              (no ring)

@: no status effects
A: horns 2, retaliatory headbutt
a: Renounce Religion


You were on level 2 of the Dungeon.
You worshipped Makhleb.
Makhleb was aware of your devotion.
You visited 1 branch of the dungeon, and saw 2 of its levels.

You collected 20 gold pieces.

Inventory:

Hand Weapons
 a - a +0 flail (weapon)
Armour
 b - a +0 scale mail (worn)
 c - a +0 kite shield (worn)
Jewellery
 n - a ring of resist corrosion (left hand)
Scrolls
 e - a scroll of amnesia {unknown}
 h - a scroll of blinking {unknown}
 i - a scroll of identify {unknown}
 k - a scroll of silence {unknown}
Potions
 d - a potion of might
 f - a potion of curing {unknown}
 g - 2 potions of attraction {unknown}
 j - a potion of berserk rage {unknown}
 l - a potion of brilliance {unknown}
 m - a potion of ambrosia {unknown}


   Skills:
 + Level 3.8 Fighting
 + Level 2.6 Maces & Flails
 + Level 3.8 Armour
 + Level 0.2 Dodging
 + Level 4.0 Shields


You had one spell level left.
You didn't know any spells.
Your spell library was empty.

Dungeon Overview and Level Annotations

Branches:
Dungeon (2/15)

Altars:
Makhleb

Annotations:
D:2 Terence


Innate Abilities, Weirdness & Mutations

You have a pair of horns on your head.
You reflexively headbutt those who attack you in melee.


Message History

HP restored.
You see here a bat corpse.
n - a ring of resist corrosion
n - a ring of resist corrosion (left hand)
A kobold comes into view. It is wielding a +0 whip.
The kobold shouts!
Found a stone staircase leading down.
Found 17 stones.
Terence the Incautious comes into view.
He is wielding a +0 morningstar.
The kobold hits you with a +0 whip.
You closely miss the kobold. Your headbutt misses the kobold.
The kobold hits you but does no damage. x2
You hit the kobold. You headbutt the kobold.
You kill the kobold!
Makhleb accepts your kill. You block Terence's attack.
Your shield prevents you from hitting Terence.
Your headbutt misses Terence. Terence hits you with a +0 morningstar!
You hit Terence but do no damage. You headbutt Terence, but do no damage.
Terence hits you with a +0 morningstar. You block Terence's attack.
You barely miss Terence. Terence hits you with a +0 morningstar.
You hit Terence. You headbutt Terence, but do no damage.
Terence is moderately wounded.
You block Terence's attack. Terence barely misses you. You furiously retaliate!
You headbutt Terence. You hit Terence.
Terence is heavily wounded.
Terence closely misses you.
You hit Terence.
Terence is heavily wounded.
You block Terence's attack. x2
You barely miss Terence. You headbutt Terence.
Terence is severely wounded.
You block Terence's attack.
You hit Terence but do no damage.
Terence is severely wounded.
Terence hits you with a +0 morningstar!
* * * LOW HITPOINT WARNING * * *
Terence hits you with a +0 morningstar!
You die...

#.# .####.####.
####<####............
..#..†..............
#
#.#.####.#####.)....
##. #.#.## # #.....<
#..>#....## #....#.
#.$....## ..... ..
##......#... ##.# ###
#..@@....# #
#..)...### #......##
..#....## ..###.#...
. #.##### #( #.


You could see Terence.

Vanquished Creatures
  A bat (D:2)
  An endoplasm (D:1)
  A giant cockroach (D:1)
  2 kobolds
  4 ball pythons (D:1)
  3 frilled lizards
  3 rats (D:1)
15 creatures vanquished.

Vanquished Creatures (others)
  A plant (D:2)
1 creature vanquished.

Grand Total: 16 creatures vanquished

Notes
Turn   | Place    | Note
-------+----------+-------------------------------------------
     0 | D:1      | Altran the Minotaur Fighter began the quest for the Orb.
     0 | D:1      | Reached XP level 1. HP: 19/19 MP: 0/0
    53 | D:1      | Found a faded altar of an unknown god.
    68 | D:1      | Became a worshipper of Makhleb the Destroyer
    68 | D:1      | Reached * piety under Makhleb
   251 | D:1      | Reached XP level 2. HP: 26/27 MP: 1/1
   255 | D:1      | Reached skill level 4 in Shields
   555 | D:2      | Noticed Terence
   566 | D:2      | Slain by Terence

Illustrated notes

Levels and vault maps discovered:
D:1:      mrwooster_arrival_statue_2, layout_rooms,
          hellmonk_ecumenical_altar_run_dry
D:2:      layout_loops_ring, serial_bayou_lagoon_b, uniq_terence

Skill      XL: |  1  2 |
---------------+-------+-----
Shields        | 4 |  4.0
Fighting       | |  3.8
Maces & Flails | |  2.6
Armour         | |  3.8
Dodging        | |  0.2

Action                   || total
-------------------------++-------
Melee: Flail             ||    45
       Headbutt          ||     6
Armor: Scale mail        ||    22
Dodge: Dodged            ||    17
Block: Kite shield       ||    28
